Canadiens vs Blue Jackets
(R3)
Created - 23 avril 2014 at 22:53
Goals
|
| Canadiens |
1 |
1 |
2 |
4 |
| Blue Jackets |
1 |
2 |
2 |
5 |
|
Shots
|
| Canadiens |
10 |
9 |
10 |
29 |
| Blue Jackets |
7 |
20 |
11 |
38 |
|
1st period
1. Blue Jackets , David Booth 9 (Marc Savard) at 8:48
2. Canadiens , Marek Svatos 3 (Dennis Wideman) at 16:22 (PP)
Penalties :
Nicklas Lidstrom (Mon) for Tripping (Minor) at 3:12, Marcus Nilson (Clb) for Holding (Minor) at 10:11, Pavel Bure (Clb) for High sticking (Minor) at 15:22, David Booth (Clb) for Holding (Minor) at 17:39
2nd period
3. Canadiens , Patrick Marleau 4 (Marek Svatos, Viktor Kozlov) at 7:25 (PP)
4. Blue Jackets , Adam Deadmarsh 2 (Chris Kelly, Marcus Nilson) at 12:29
5. Blue Jackets , David Booth 10 (Marc Savard, Branislav Mezei) at 14:35 (PP)
Penalties :
Marcus Nilson (Clb) for High sticking (Minor) at 1:31, David Booth (Clb) for High sticking (Minor) at 7:21, Radim Vrbata (Mon) for Hooking (Minor) at 10:16, Matt Carle (Mon) for Holding (Minor) at 13:33, Mike Ribeiro (Mon) for Roughing (Minor) at 16:44
3rd period
6. Canadiens , Viktor Kozlov 3 (Patrick Marleau, Marek Svatos) at 2:38 (PP)
7. Blue Jackets , Chris Kelly 1 (Marcus Nilson) at 5:04
8. Canadiens , Tomas Plekanec 6 (Nicklas Lidstrom, Rick DiPietro) at 8:05 (PP)
9. Blue Jackets , Dave Steckel 1 (Bates Battaglia, Jason Ward) at 9:23
Penalties :
Patrick Marleau (Mon) for Hooking (Minor) at 0:03, Derek Morris (Clb) for Hooking (Minor) at 2:21, Ramzi Abid (Clb) for Goalie Interference (Minor) at 7:27, Marcus Nilson (Clb) for Slashing (Minor) at 15:38, Greg De Vries (Clb) for Hooking (Minor) at 17:52
Goalie Stats
Rick DiPietro (Mon), 33 saves from 38 shots - (0,868), L, 3-3-2, 60:00 minutes
Jaroslav Halak (Clb), 25 saves from 29 shots - (0,862), W, 2-0-0, 60:00 minutes
Players Stats for Canadiens
Player Name G A P +/- PIM S H SB GA TA FO MP PP MP PK MP
------------------------------------------------------------------------------------
Chris Dingman 0 0 0 0 0 0 1 0 0 0 1/1 6:28 0:00 1:02
Dennis Wideman 0 1 1 -2 0 0 0 1 0 1 0/0 21:47 5:13 3:44
Greg Zanon 0 0 0 -1 0 0 0 2 0 0 0/0 13:02 0:00 5:14
Jamie Lundmark 0 0 0 -1 0 1 0 0 1 0 2/7 9:10 0:00 2:56
Jeff Woywitka 0 0 0 -2 0 3 1 2 0 0 0/0 31:19 6:41 5:14
Marek Svatos 1 2 3 -2 0 3 0 2 0 0 0/0 17:35 6:28 0:00
Matt Carle 0 0 0 0 2 0 0 3 0 0 0/0 12:52 5:13 0:00
Michel Ouellet 0 0 0 0 0 2 1 0 0 0 0/0 14:03 0:11 4:53
Mike Ribeiro 0 0 0 -2 2 0 3 0 1 0 5/8 16:14 5:15 0:00
Mike York 0 0 0 -2 0 2 0 0 0 0 0/0 16:15 5:15 0:00
Nicklas Lidstrom 0 1 1 -1 2 1 2 1 2 0 0/0 25:47 6:41 0:00
Ossi Vaananen 0 0 0 -2 0 0 0 0 0 0 0/0 15:48 0:00 3:44
Patrick Marleau 1 1 2 -2 2 4 3 0 1 1 0/0 22:22 6:23 2:12
Radim Vrbata 0 0 0 -2 2 2 1 1 0 0 1/1 13:54 0:20 0:00
Ruslan Fedotenko 0 0 0 0 0 3 1 0 0 0 0/0 11:06 0:00 2:07
Ryan Callahan 0 0 0 0 0 1 1 0 0 1 0/0 5:09 0:07 0:00
Tomas Plekanec 1 0 1 0 0 2 1 0 1 0 1/8 13:18 5:15 0:00
Viktor Kozlov 1 1 2 -1 0 5 1 0 1 0 21/49 24:48 6:28 4:46
Players Stats for Blue Jackets
Player Name G A P +/- PIM S H SB GA TA FO MP PP MP PK MP
------------------------------------------------------------------------------------
Adam Deadmarsh 1 0 1 2 0 2 0 0 0 0 1/1 10:05 0:04 0:00
Bates Battaglia 0 1 1 1 0 1 0 0 0 0 0/0 6:58 0:00 1:11
Blake Wheeler 0 0 0 0 0 0 1 0 0 0 0/0 15:46 3:40 0:00
Brad Stuart 0 0 0 1 0 1 0 1 0 0 0/0 8:17 0:00 0:00
Branislav Mezei 0 1 1 2 0 0 2 3 0 3 0/0 27:36 3:08 7:29
Chris Kelly 1 1 2 2 0 6 1 0 0 0 3/5 10:43 0:04 0:31
Dave Steckel 1 0 1 1 0 1 1 0 0 0 2/3 4:46 0:00 0:00
David Booth 2 0 2 1 4 7 2 1 1 1 0/1 19:12 5:14 2:46
Derek Morris 0 0 0 1 2 0 0 1 0 0 0/0 21:12 3:08 4:25
Greg De Vries 0 0 0 1 2 0 0 0 0 0 0/0 8:24 0:00 0:00
Jan Bulis 0 0 0 0 0 4 2 1 0 0 13/19 15:46 3:40 0:00
Jason Ward 0 1 1 1 0 2 1 0 0 0 0/0 8:10 0:00 2:55
Kevin Bieksa 0 0 0 2 0 1 1 1 0 0 0/0 30:30 5:50 7:29
Marc Savard 0 2 2 1 0 1 2 2 1 1 23/43 23:40 5:14 6:55
Marcus Nilson 0 2 2 2 6 1 2 0 0 1 1/1 11:03 0:04 0:00
Pavel Bure 0 0 0 1 2 5 0 0 0 0 0/1 22:11 5:14 5:59
Ramzi Abid 0 0 0 0 2 5 1 3 1 1 0/0 19:31 3:40 3:31
Wade Redden 0 0 0 1 0 1 0 3 0 0 0/0 24:07 5:50 4:25
3 Stars
1 - Chris Kelly (Clb)
2 - David Booth (Clb)
3 - Marc Savard (Clb)
Power Play
Canadiens - 4 on 9 Attempt(s) - 44,44%
Blue Jackets - 1 on 5 Attempt(s) - 20,00%
Penalty Kill
Canadiens - 4 on 5 Attempt(s) - 80,00%
- Score 0 goal in Penalty Kill
Blue Jackets - 5 on 9 Attempt(s) - 55,56%
- Score 0 goal in Penalty Kill
Official
Referees : Walkom Stephen and Rooney Chris
Linesman : Brian Murphy and Lonnie Cameron
Game Notes
No Game Note
Finance
Level 1 -- Attendance: 6000 (100,00%) -- Ticket Income 540 000 $
Level 2 -- Attendance: 5000 (100,00%) -- Ticket Income 275 000 $
Level 3 -- Attendance: 2000 (100,00%) -- Ticket Income 60 000 $
Level 4 -- Attendance: 4000 (100,00%) -- Ticket Income 80 000 $
Luxury Box -- Attendance: 912 (91,20%) -- Ticket Income 168 720 $
Game was played at the Ohio State Arena
Total Attendance: 17912 (99,51%)
Total Ticket Income: 1 123 720 $
Other Income: 168 558 $
Total Income: 1 292 278 $
Canadiens
5 vs 5 Forward
Center Left Wing Right Wing Time % Phy DF OF
1 Viktor Kozlov Patrick Marleau Radim Vrbata 40 1 2 2
2 Mike Ribeiro Mike York Marek Svatos 30 1 2 2
3 Tomas Plekanec Ruslan Fedotenko Michel Ouellet 20 1 2 2
4 Jamie Lundmark Chris Dingman Ryan Callahan 10 1 2 2
5 vs 5 Defense
Defense Defense Time % Phy DF OF
1 Nicklas Lidstrom Jeff Woywitka 40 1 2 2
2 Dennis Wideman Ossi Vaananen 30 1 2 2
3 Greg Zanon Matt Carle 20 1 2 2
4 Nicklas Lidstrom Jeff Woywitka 10 1 2 2
PowerPlay Forward
Center Left Wing Right Wing Time % Phy DF OF
1 Viktor Kozlov Patrick Marleau Marek Svatos 60 1 2 2
2 Tomas Plekanec Mike York Mike Ribeiro 40 1 2 2
PowerPlay Defense
Defense Defense Time % Phy DF OF
1 Nicklas Lidstrom Jeff Woywitka 60 1 2 2
2 Dennis Wideman Matt Carle 40 1 2 2
Penalty Kill 4 Players Forward
Center Wing Time % Phy DF OF
1 Viktor Kozlov Michel Ouellet 60 1 2 2
2 Jamie Lundmark Patrick Marleau 40 1 2 2
Penalty Kill 4 Players Defense
Defense Defense Time % Phy DF OF
1 Greg Zanon Jeff Woywitka 60 1 2 2
2 Dennis Wideman Ossi Vaananen 40 1 2 2
Penalty Kill - 3 Players Forward
Forward Time % Phy DF OF
1 Viktor Kozlov 60 1 2 2
2 Jamie Lundmark 40 1 2 2
Penalty Kill - 3 Players Defense
Defense Defense Time % Phy DF OF
1 Greg Zanon Jeff Woywitka 60 1 2 2
2 Dennis Wideman Ossi Vaananen 40 1 2 2
4 vs 4 Forward
Center Wing Time % Phy DF OF
1 Viktor Kozlov Radim Vrbata 60 1 2 2
2 Mike Ribeiro Patrick Marleau 40 1 2 2
4 vs 4 Defense
Defense Defense Time % Phy DF OF
1 Nicklas Lidstrom Jeff Woywitka 60 1 2 2
2 Dennis Wideman Ossi Vaananen 40 1 2 2
Last Minutes Offensive
Center Left Wing Right Wing Defense Defense
Tomas Plekanec Patrick Marleau Marek Svatos Nicklas Lidstrom Jeff Woywitka
Last Minutes Defensive
Center Left Wing Right Wing Defense Defense
Viktor Kozlov Patrick Marleau Marek Svatos Nicklas Lidstrom Jeff Woywitka
Goaltenders
Starting : Rick DiPietro
Backup : Mikael Tellqvist
Extra Forwards
Normal : Jamie Lundmark, Michel Ouellet, Tomas Plekanec - PP : Radim Vrbata, Michel Ouellet - PK : Ruslan Fedotenko
Extra Defensemen
Normal : Greg Zanon, Nicklas Lidstrom, Matt Carle - PP : Greg Zanon - PK : Nicklas Lidstrom, Matt Carle
Penalty Shots
Patrick Marleau, Mike Ribeiro, Tomas Plekanec, Viktor Kozlov, Marek Svatos
Blue Jackets
5 vs 5 Forward
Center Left Wing Right Wing Time % Phy DF OF
1 Marc Savard David Booth Pavel Bure 35 1 2 2
2 Jan Bulis Ramzi Abid Blake Wheeler 35 1 2 2
3 Chris Kelly Marcus Nilson Adam Deadmarsh 20 1 2 2
4 Dave Steckel Bates Battaglia Jason Ward 10 1 3 1
5 vs 5 Defense
Defense Defense Time % Phy DF OF
1 Branislav Mezei Kevin Bieksa 40 1 2 2
2 Wade Redden Derek Morris 30 1 2 2
3 Brad Stuart Greg De Vries 20 1 2 2
4 Wade Redden Kevin Bieksa 10 1 2 2
PowerPlay Forward
Center Left Wing Right Wing Time % Phy DF OF
1 Marc Savard David Booth Pavel Bure 60 1 2 2
2 Jan Bulis Ramzi Abid Blake Wheeler 40 1 2 2
PowerPlay Defense
Defense Defense Time % Phy DF OF
1 Wade Redden Kevin Bieksa 60 1 2 2
2 Branislav Mezei Derek Morris 40 1 2 2
Penalty Kill 4 Players Forward
Center Wing Time % Phy DF OF
1 Marc Savard Pavel Bure 60 1 2 2
2 David Booth Ramzi Abid 40 1 2 2
Penalty Kill 4 Players Defense
Defense Defense Time % Phy DF OF
1 Branislav Mezei Kevin Bieksa 60 1 2 2
2 Wade Redden Derek Morris 40 1 2 2
Penalty Kill - 3 Players Forward
Forward Time % Phy DF OF
1 Marc Savard 60 1 2 2
2 Pavel Bure 40 1 2 2
Penalty Kill - 3 Players Defense
Defense Defense Time % Phy DF OF
1 Branislav Mezei Kevin Bieksa 60 1 2 2
2 Wade Redden Derek Morris 40 1 2 2
4 vs 4 Forward
Center Wing Time % Phy DF OF
1 Marc Savard Pavel Bure 60 1 2 2
2 David Booth Ramzi Abid 40 1 2 2
4 vs 4 Defense
Defense Defense Time % Phy DF OF
1 Branislav Mezei Kevin Bieksa 60 1 2 2
2 Wade Redden Derek Morris 40 1 2 2
Last Minutes Offensive
Center Left Wing Right Wing Defense Defense
Marc Savard David Booth Pavel Bure Wade Redden Kevin Bieksa
Last Minutes Defensive
Center Left Wing Right Wing Defense Defense
Marc Savard David Booth Pavel Bure Wade Redden Kevin Bieksa
Goaltenders
Starting : Jaroslav Halak
Backup : Miika Kiprusoff
Extra Forwards
Normal : Marcus Nilson, Chris Kelly, Jason Ward - PP : Marcus Nilson, Chris Kelly - PK : Jason Ward
Extra Defensemen
Normal : Brad Stuart, Greg De Vries, Branislav Mezei - PP : Brad Stuart - PK : Greg De Vries, Branislav Mezei
Penalty Shots
Marc Savard, Pavel Bure, David Booth, Ramzi Abid, Jan Bulis
% Time on Ice - Canadiens
Lines # - Real PCT - Wanted PCT - Time Play
Normal Forward
1 - 36% - 40% - 14:11
2 - 29% - 30% - 11:14
3 - 22% - 20% - 8:33
4 - 13% - 10% - 5:02
Normal Defense
1 - 45% - 40% - 17:36
2 - 33% - 30% - 12:42
3 - 19% - 20% - 7:26
4 - 3% - 10% - 1:16
PP Forward
1 - 56% - 60% - 6:39
2 - 44% - 40% - 5:15
PP Defense
1 - 56% - 60% - 6:41
2 - 44% - 40% - 5:13
PK Forward
1 - 67% - 60% - 6:02
2 - 33% - 40% - 2:56
PK Defense
1 - 58% - 60% - 5:14
2 - 42% - 40% - 3:44
PK3 Forward
1 - 0% - 60%
2 - 0% - 40%
PK3 Defense
1 - 0% - 60%
2 - 0% - 40%
44 Forward
1 - 0% - 60%
2 - 0% - 40%
44 Defense
1 - 0% - 60%
2 - 0% - 40%
Last Minute Offensive - 0:08
Last Minute Defensive - 0:00
Total
Forward - 60:00
Defense - 60:00
|
% Time on Ice - Blue Jackets
Lines # - Real PCT - Wanted PCT - Time Play
Normal Forward
1 - 31% - 35% - 12:15
2 - 32% - 35% - 12:21
3 - 25% - 20% - 9:46
4 - 12% - 10% - 4:46
Normal Defense
1 - 43% - 40% - 16:39
2 - 35% - 30% - 13:40
3 - 21% - 20% - 8:17
4 - 1% - 10% - 0:32
PP Forward
1 - 59% - 60% - 5:18
2 - 41% - 40% - 3:40
PP Defense
1 - 65% - 60% - 5:50
2 - 35% - 40% - 3:08
PK Forward
1 - 69% - 60% - 8:16
2 - 31% - 40% - 3:38
PK Defense
1 - 63% - 60% - 7:29
2 - 37% - 40% - 4:25
PK3 Forward
1 - 0% - 60%
2 - 0% - 40%
PK3 Defense
1 - 0% - 60%
2 - 0% - 40%
44 Forward
1 - 0% - 60%
2 - 0% - 40%
44 Defense
1 - 0% - 60%
2 - 0% - 40%
Last Minute Offensive - 0:00
Last Minute Defensive - 0:00
Total
Forward - 60:00
Defense - 60:00
|
Play by Play
1st period
0:01 of 1st period - Viktor Kozlov wins face-off versus Marc Savard in neutral zone.
0:04 of 1st period - Branislav Mezei is hit by Patrick Marleau and loses puck.
0:30 of 1st period - Wrist shot by Mike York.
0:30 of 1st period - Stopped by Jaroslav Halak with a rebound.
0:50 of 1st period - Backhand shot by Tomas Plekanec.
0:50 of 1st period - Deflect By Michel Ouellet.
0:50 of 1st period - Stopped by Jaroslav Halak with a rebound.
0:52 of 1st period - Snap shot by Ruslan Fedotenko.
0:52 of 1st period - Stopped by Jaroslav Halak with a rebound.
1:18 of 1st period - Jamie Lundmark is hit by Dave Steckel and loses puck.
1:38 of 1st period - Wrist shot by Pavel Bure.
1:38 of 1st period - Stopped by Rick DiPietro without a rebound.
1:39 of 1st period - Jan Bulis wins face-off versus Mike Ribeiro in Canadiens zone.
1:54 of 1st period - Wrist shot by Ramzi Abid.
1:54 of 1st period - Shot Misses the Net.
1:56 of 1st period - Slapshot by Greg De Vries.
1:56 of 1st period - Shot Blocked by Jeff Woywitka.
2:06 of 1st period - Greg De Vries is hit by Jeff Woywitka.
2:12 of 1st period - Snap shot by David Booth.
2:12 of 1st period - Stopped by Rick DiPietro without a rebound.
2:13 of 1st period - Chris Kelly wins face-off versus Viktor Kozlov in Canadiens zone.
2:14 of 1st period - Snap shot by Marcus Nilson.
2:14 of 1st period - Shot Misses the Net.
2:16 of 1st period - Wrist shot by Kevin Bieksa.
2:16 of 1st period - Stopped by Rick DiPietro with a rebound.
2:18 of 1st period - Slapshot by Kevin Bieksa.
2:18 of 1st period - Deflect By Chris Kelly.
2:18 of 1st period - Shot Hit the Post.
2:18 of 1st period - Puck is out of play.
2:19 of 1st period - Marcus Nilson wins face-off versus Tomas Plekanec in Canadiens zone.
2:46 of 1st period - Snap shot by Radim Vrbata.
2:46 of 1st period - Shot Blocked by Wade Redden.
2:48 of 1st period - Snap shot by Patrick Marleau.
2:48 of 1st period - Stopped by Jaroslav Halak with a rebound.
2:50 of 1st period - Wrist shot by Viktor Kozlov.
2:50 of 1st period - Deflect By Patrick Marleau.
2:50 of 1st period - Shot Blocked by Ramzi Abid.
2:50 of 1st period - Puck is out of play.
2:51 of 1st period - Marc Savard wins face-off versus Viktor Kozlov in Blue Jackets zone.
3:12 of 1st period - Minor Penalty to Nicklas Lidstrom for Tripping.
3:13 of 1st period - Viktor Kozlov wins face-off versus Marc Savard in Canadiens zone.
4:13 of 1st period - Derek Morris is hit by Viktor Kozlov and loses puck.
5:12 of 1st period - Penalty to Nicklas Lidstrom is over, Nicklas Lidstrom is back on ice.
5:37 of 1st period - Greg Zanon is hit by Jason Ward and loses puck.
5:52 of 1st period - Slapshot by Nicklas Lidstrom.
5:52 of 1st period - Stopped by Jaroslav Halak with a rebound.
6:49 of 1st period - Snap shot by Viktor Kozlov.
6:49 of 1st period - Stopped by Jaroslav Halak with a rebound.
8:01 of 1st period - Slapshot by Patrick Marleau.
8:01 of 1st period - Deflect By Radim Vrbata.
8:01 of 1st period - Shot Blocked by Marc Savard.
8:01 of 1st period - Puck is out of play.
8:02 of 1st period - Jan Bulis wins face-off versus Tomas Plekanec in Blue Jackets zone.
8:02 of 1st period - Jan Bulis is hit by Ruslan Fedotenko.
8:34 of 1st period - Wrist shot by Viktor Kozlov.
8:34 of 1st period - Shot Hit the Post.
8:48 of 1st period - Wrist shot by David Booth.
8:48 of 1st period - Goal by David Booth - Canadiens : 0 - Blue Jackets : 1.
8:49 of 1st period - Mike Ribeiro wins face-off versus Jan Bulis in neutral zone.
8:52 of 1st period - Slapshot by Nicklas Lidstrom.
8:52 of 1st period - Shot Misses the Net.
9:02 of 1st period - Wrist shot by Ramzi Abid.
9:02 of 1st period - Shot Misses the Net.
9:04 of 1st period - Slapshot by Kevin Bieksa.
9:04 of 1st period - Shot Blocked by Marek Svatos.
9:06 of 1st period - Wrist shot by Ramzi Abid.
9:06 of 1st period - Stopped by Rick DiPietro without a rebound.
9:07 of 1st period - Marc Savard wins face-off versus Tomas Plekanec in Canadiens zone.
9:12 of 1st period - Snap shot by Marc Savard.
9:12 of 1st period - Stopped by Rick DiPietro with a rebound.
9:34 of 1st period - Marek Svatos is hit by Jan Bulis and loses puck.
10:11 of 1st period - Minor Penalty to Marcus Nilson for Holding.
10:12 of 1st period - Marc Savard wins face-off versus Viktor Kozlov in Blue Jackets zone.
12:11 of 1st period - Penalty to Marcus Nilson is over, Marcus Nilson is back on ice.
12:36 of 1st period - Backhand shot by Jamie Lundmark.
12:36 of 1st period - Shot Blocked by Marc Savard.
12:47 of 1st period - Off-side.
12:48 of 1st period - Jan Bulis wins face-off versus Jamie Lundmark in neutral zone.
13:17 of 1st period - Branislav Mezei is hit by Patrick Marleau and loses puck.
13:52 of 1st period - Michel Ouellet is hit by Kevin Bieksa and loses puck.
13:58 of 1st period - Icing by Tomas Plekanec.
13:59 of 1st period - Tomas Plekanec wins face-off versus Jan Bulis in Canadiens zone.
14:20 of 1st period - Derek Morris is hit by Michel Ouellet and loses puck.
14:33 of 1st period - Backhand shot by Tomas Plekanec.
14:33 of 1st period - Shot Misses the Net.
14:35 of 1st period - Slapshot by Dennis Wideman.
14:35 of 1st period - Shot Blocked by Jan Bulis.
14:43 of 1st period - Wrist shot by Michel Ouellet.
14:43 of 1st period - Shot Blocked by Ramzi Abid.
14:55 of 1st period - Slapshot by Jan Bulis.
14:55 of 1st period - Stopped by Rick DiPietro with a rebound.
14:57 of 1st period - Wrist shot by Ramzi Abid.
14:57 of 1st period - Shot Misses the Net.
14:59 of 1st period - Wrist shot by Ramzi Abid.
14:59 of 1st period - Deflect By Jan Bulis.
14:59 of 1st period - Shot Blocked by Greg Zanon.
14:59 of 1st period - Puck is out of play.
15:00 of 1st period - Viktor Kozlov wins face-off versus Marc Savard in Canadiens zone.
15:11 of 1st period - Snap shot by Radim Vrbata.
15:11 of 1st period - Shot Misses the Net.
15:13 of 1st period - Slapshot by Nicklas Lidstrom.
15:13 of 1st period - Deflect By Viktor Kozlov.
15:13 of 1st period - Shot Hit the Post.
15:13 of 1st period - Puck is out of play.
15:14 of 1st period - Viktor Kozlov wins face-off versus Marc Savard in Blue Jackets zone.
15:22 of 1st period - Minor Penalty to Pavel Bure for High sticking.
15:23 of 1st period - Marc Savard wins face-off versus Viktor Kozlov in Blue Jackets zone.
15:37 of 1st period - Snap shot by Viktor Kozlov.
15:37 of 1st period - Stopped by Jaroslav Halak without a rebound.
15:38 of 1st period - Marc Savard wins face-off versus Viktor Kozlov in Blue Jackets zone.
16:03 of 1st period - Jason Ward is hit by Tomas Plekanec and loses puck.
16:10 of 1st period - Wrist shot by Mike York.
16:10 of 1st period - Deflect By Tomas Plekanec.
16:10 of 1st period - Shot Misses the Net.
16:10 of 1st period - Puck is out of play.
16:11 of 1st period - Marc Savard wins face-off versus Viktor Kozlov in Blue Jackets zone.
16:22 of 1st period - Snap shot by Marek Svatos.
16:22 of 1st period - Goal by Marek Svatos - Canadiens : 1 - Blue Jackets : 1.
16:23 of 1st period - Marc Savard wins face-off versus Viktor Kozlov in neutral zone.
16:58 of 1st period - Slapshot by Mike York.
16:58 of 1st period - Shot Blocked by Ramzi Abid.
17:32 of 1st period - Wrist shot by Jamie Lundmark.
17:32 of 1st period - Shot Blocked by Derek Morris.
17:34 of 1st period - Slapshot by Ossi Vaananen.
17:34 of 1st period - Deflect By Jamie Lundmark.
17:34 of 1st period - Stopped by Jaroslav Halak without a rebound.
17:35 of 1st period - Chris Dingman wins face-off versus Marc Savard in Blue Jackets zone.
17:39 of 1st period - Minor Penalty to David Booth for Holding.
17:40 of 1st period - Viktor Kozlov wins face-off versus Marc Savard in Blue Jackets zone.
17:48 of 1st period - Snap shot by Viktor Kozlov.
17:48 of 1st period - Stopped by Jaroslav Halak with a rebound.
19:39 of 1st period - Penalty to David Booth is over, David Booth is back on ice.
19:50 of 1st period - Icing by Ryan Callahan.
19:51 of 1st period - Chris Kelly wins face-off versus Jamie Lundmark in Canadiens zone.
Goals for this period are 1 for Canadiens vs 1 for Blue Jackets.
Shots for this period are 10 for Canadiens vs 7 for Blue Jackets.
2nd period
0:01 of 2nd period - Radim Vrbata wins face-off versus Marc Savard in neutral zone.
0:04 of 2nd period - Wrist shot by Viktor Kozlov.
0:04 of 2nd period - Stopped by Jaroslav Halak with a rebound.
1:18 of 2nd period - Wrist shot by Chris Kelly.
1:18 of 2nd period - Stopped by Rick DiPietro without a rebound.
1:19 of 2nd period - Chris Kelly wins face-off versus Viktor Kozlov in Canadiens zone.
1:31 of 2nd period - Minor Penalty to Marcus Nilson for High sticking.
1:32 of 2nd period - Viktor Kozlov wins face-off versus Marc Savard in Blue Jackets zone.
2:04 of 2nd period - Mike Ribeiro is hit by Ramzi Abid and loses puck.
2:49 of 2nd period - Pavel Bure is hit by Mike Ribeiro and loses puck.
3:20 of 2nd period - Branislav Mezei is hit by Mike Ribeiro and loses puck.
3:31 of 2nd period - Penalty to Marcus Nilson is over, Marcus Nilson is back on ice.
3:46 of 2nd period - Slapshot by Marcus Nilson.
3:46 of 2nd period - Shot Misses the Net.
3:52 of 2nd period - Kevin Bieksa is hit by Chris Dingman and loses puck.
4:17 of 2nd period - Wrist shot by Marcus Nilson.
4:17 of 2nd period - Stopped by Rick DiPietro with a rebound.
4:19 of 2nd period - Wrist shot by Adam Deadmarsh.
4:19 of 2nd period - Stopped by Rick DiPietro with a rebound.
4:35 of 2nd period - Wrist shot by Jamie Lundmark.
4:35 of 2nd period - Shot Misses the Net.
4:37 of 2nd period - Slapshot by Ossi Vaananen.
4:37 of 2nd period - Shot Blocked by Brad Stuart.
5:43 of 2nd period - Chris Kelly is hit by Ryan Callahan and loses puck.
6:13 of 2nd period - Backhand shot by Pavel Bure.
6:13 of 2nd period - Stopped by Rick DiPietro with a rebound.
6:36 of 2nd period - Marek Svatos is hit by Branislav Mezei and loses puck.
6:56 of 2nd period - Off-side.
6:57 of 2nd period - Jan Bulis wins face-off versus Tomas Plekanec in neutral zone.
7:00 of 2nd period - Wrist shot by Blake Wheeler.
7:00 of 2nd period - Shot Blocked by Matt Carle.
7:02 of 2nd period - Slapshot by Brad Stuart.
7:02 of 2nd period - Shot Misses the Net.
7:04 of 2nd period - Slapshot by Ramzi Abid.
7:04 of 2nd period - Stopped by Rick DiPietro with a rebound.
7:06 of 2nd period - Wrist shot by Ramzi Abid.
7:06 of 2nd period - Stopped by Rick DiPietro without a rebound.
7:07 of 2nd period - Jan Bulis wins face-off versus Viktor Kozlov in Canadiens zone.
7:08 of 2nd period - Snap shot by Ramzi Abid.
7:08 of 2nd period - Stopped by Rick DiPietro without a rebound.
7:09 of 2nd period - Viktor Kozlov wins face-off versus Marc Savard in Canadiens zone.
7:09 of 2nd period - Viktor Kozlov is hit by Marc Savard.
7:19 of 2nd period - Backhand shot by Patrick Marleau.
7:19 of 2nd period - Shot Blocked by Branislav Mezei.
7:21 of 2nd period - Minor Penalty to David Booth for High sticking.
7:22 of 2nd period - Viktor Kozlov wins face-off versus Marc Savard in Blue Jackets zone.
7:23 of 2nd period - Snap shot by Marek Svatos.
7:23 of 2nd period - Shot Blocked by Branislav Mezei.
7:25 of 2nd period - Snap shot by Patrick Marleau.
7:25 of 2nd period - Goal by Patrick Marleau - Canadiens : 2 - Blue Jackets : 1.
7:26 of 2nd period - Viktor Kozlov wins face-off versus Pavel Bure in neutral zone.
7:30 of 2nd period - Off-side.
7:31 of 2nd period - Viktor Kozlov wins face-off versus Marc Savard in neutral zone.
7:40 of 2nd period - Slapshot by Pavel Bure.
7:40 of 2nd period - Stopped by Rick DiPietro with a rebound.
8:04 of 2nd period - Slapshot by Jeff Woywitka.
8:04 of 2nd period - Stopped by Jaroslav Halak without a rebound.
8:05 of 2nd period - Jan Bulis wins face-off versus Viktor Kozlov in Blue Jackets zone.
8:30 of 2nd period - Mike Ribeiro is hit by David Booth and loses puck.
8:35 of 2nd period - Slapshot by Marc Savard.
8:35 of 2nd period - Shot Misses the Net.
8:37 of 2nd period - Snap shot by Pavel Bure.
8:37 of 2nd period - Shot Blocked by Marek Svatos.
8:59 of 2nd period - Wrist shot by Ruslan Fedotenko.
8:59 of 2nd period - Shot Misses the Net.
9:01 of 2nd period - Wrist shot by Ruslan Fedotenko.
9:01 of 2nd period - Stopped by Jaroslav Halak with a rebound.
9:03 of 2nd period - Wrist shot by Tomas Plekanec.
9:03 of 2nd period - Shot Misses the Net.
9:35 of 2nd period - Derek Morris is hit by Mike Ribeiro and loses puck.
9:40 of 2nd period - Wrist shot by Marek Svatos.
9:40 of 2nd period - Stopped by Jaroslav Halak without a rebound.
9:41 of 2nd period - Mike Ribeiro wins face-off versus Marc Savard in Blue Jackets zone.
9:53 of 2nd period - Off-side.
9:54 of 2nd period - Viktor Kozlov wins face-off versus Jan Bulis in neutral zone.
10:16 of 2nd period - Minor Penalty to Radim Vrbata for Hooking.
10:17 of 2nd period - Marc Savard wins face-off versus Viktor Kozlov in Canadiens zone.
10:18 of 2nd period - Wrist shot by Pavel Bure.
10:18 of 2nd period - Stopped by Rick DiPietro without a rebound.
10:19 of 2nd period - Marc Savard wins face-off versus Viktor Kozlov in Canadiens zone.
12:16 of 2nd period - Penalty to Radim Vrbata is over, Radim Vrbata is back on ice.
12:25 of 2nd period - Slapshot by Chris Kelly.
12:25 of 2nd period - Stopped by Rick DiPietro with a rebound.
12:27 of 2nd period - Snap shot by Chris Kelly.
12:27 of 2nd period - Stopped by Rick DiPietro with a rebound.
12:29 of 2nd period - Snap shot by Adam Deadmarsh.
12:29 of 2nd period - Goal by Adam Deadmarsh - Canadiens : 2 - Blue Jackets : 2.
12:30 of 2nd period - Marc Savard wins face-off versus Viktor Kozlov in neutral zone.
12:30 of 2nd period - Marc Savard is hit by Radim Vrbata.
13:24 of 2nd period - Snap shot by Chris Kelly.
13:24 of 2nd period - Stopped by Rick DiPietro without a rebound.
13:25 of 2nd period - Marc Savard wins face-off versus Viktor Kozlov in Canadiens zone.
13:33 of 2nd period - Minor Penalty to Matt Carle for Holding.
13:34 of 2nd period - Viktor Kozlov wins face-off versus Marc Savard in Canadiens zone.
14:17 of 2nd period - Icing by Kevin Bieksa.
14:18 of 2nd period - Jamie Lundmark wins face-off versus Jan Bulis in Blue Jackets zone.
14:19 of 2nd period - Snap shot by Patrick Marleau.
14:19 of 2nd period - Shot Misses the Net.
14:21 of 2nd period - Wrist shot by Patrick Marleau.
14:21 of 2nd period - Stopped by Jaroslav Halak without a rebound.
14:22 of 2nd period - Marc Savard wins face-off versus Jamie Lundmark in Blue Jackets zone.
14:33 of 2nd period - Slapshot by David Booth.
14:33 of 2nd period - Stopped by Rick DiPietro with a rebound.
14:35 of 2nd period - Slapshot by David Booth.
14:35 of 2nd period - Goal by David Booth - Canadiens : 2 - Blue Jackets : 3.
14:36 of 2nd period - Marc Savard wins face-off versus Viktor Kozlov in neutral zone.
14:44 of 2nd period - Wrist shot by Patrick Marleau.
14:44 of 2nd period - Stopped by Jaroslav Halak with a rebound.
14:46 of 2nd period - Slapshot by Jeff Woywitka.
14:46 of 2nd period - Shot Misses the Net.
15:26 of 2nd period - Wrist shot by Bates Battaglia.
15:26 of 2nd period - Stopped by Rick DiPietro without a rebound.
15:27 of 2nd period - Dave Steckel wins face-off versus Viktor Kozlov in Canadiens zone.
16:06 of 2nd period - Slapshot by Michel Ouellet.
16:06 of 2nd period - Stopped by Jaroslav Halak with a rebound.
16:18 of 2nd period - Snap shot by Jan Bulis.
16:18 of 2nd period - Stopped by Rick DiPietro with a rebound.
16:21 of 2nd period - Icing by Dennis Wideman.
16:22 of 2nd period - Jan Bulis wins face-off versus Mike Ribeiro in Canadiens zone.
16:44 of 2nd period - Minor Penalty to Mike Ribeiro for Roughing.
16:45 of 2nd period - Viktor Kozlov wins face-off versus Marc Savard in Canadiens zone.
17:10 of 2nd period - Greg Zanon is hit by Blake Wheeler and loses puck.
18:29 of 2nd period - Ruslan Fedotenko is hit by Marc Savard and loses puck.
18:44 of 2nd period - Penalty to Mike Ribeiro is over, Mike Ribeiro is back on ice.
18:54 of 2nd period - Snap shot by Chris Kelly.
18:54 of 2nd period - Stopped by Rick DiPietro without a rebound.
18:55 of 2nd period - Adam Deadmarsh wins face-off versus Mike Ribeiro in Canadiens zone.
19:32 of 2nd period - Slapshot by Dave Steckel.
19:32 of 2nd period - Deflect By Jason Ward.
19:32 of 2nd period - Stopped by Rick DiPietro with a rebound.
19:48 of 2nd period - Slapshot by Ryan Callahan.
19:48 of 2nd period - Stopped by Jaroslav Halak without a rebound.
19:49 of 2nd period - Marc Savard wins face-off versus Jamie Lundmark in Blue Jackets zone.
19:58 of 2nd period - Slapshot by Pavel Bure.
19:58 of 2nd period - Stopped by Rick DiPietro without a rebound.
19:59 of 2nd period - Marc Savard wins face-off versus Viktor Kozlov in Canadiens zone.
Goals for this period are 1 for Canadiens vs 2 for Blue Jackets.
Shots for this period are 9 for Canadiens vs 20 for Blue Jackets.
3rd period
0:01 of 3rd period - Viktor Kozlov wins face-off versus Marc Savard in neutral zone.
0:03 of 3rd period - Minor Penalty to Patrick Marleau for Hooking.
0:04 of 3rd period - Viktor Kozlov wins face-off versus Marc Savard in Canadiens zone.
0:09 of 3rd period - Icing by David Booth.
0:10 of 3rd period - Marc Savard wins face-off versus Viktor Kozlov in Blue Jackets zone.
0:14 of 3rd period - Icing by David Booth.
0:15 of 3rd period - Marc Savard wins face-off versus Viktor Kozlov in Blue Jackets zone.
0:32 of 3rd period - Slapshot by David Booth.
0:32 of 3rd period - Stopped by Rick DiPietro with a rebound.
0:34 of 3rd period - Snap shot by Wade Redden.
0:34 of 3rd period - Shot Misses the Net.
0:42 of 3rd period - Wrist shot by David Booth.
0:42 of 3rd period - Shot Blocked by Greg Zanon.
0:44 of 3rd period - Snap shot by Marc Savard.
0:44 of 3rd period - Shot Blocked by Jeff Woywitka.
0:46 of 3rd period - Snap shot by Marc Savard.
0:46 of 3rd period - Shot Misses the Net.
0:48 of 3rd period - Snap shot by David Booth.
0:48 of 3rd period - Shot Misses the Net.
0:56 of 3rd period - Snap shot by David Booth.
0:56 of 3rd period - Stopped by Rick DiPietro with a rebound.
1:28 of 3rd period - Snap shot by Pavel Bure.
1:28 of 3rd period - Shot Misses the Net.
1:30 of 3rd period - Slapshot by Marc Savard.
1:30 of 3rd period - Shot Blocked by Dennis Wideman.
1:32 of 3rd period - Slapshot by Wade Redden.
1:32 of 3rd period - Deflect By David Booth.
1:32 of 3rd period - Stopped by Rick DiPietro without a rebound.
1:33 of 3rd period - Jan Bulis wins face-off versus Jamie Lundmark in Canadiens zone.
2:03 of 3rd period - Penalty to Patrick Marleau is over, Patrick Marleau is back on ice.
2:10 of 3rd period - Off-side.
2:11 of 3rd period - Mike Ribeiro wins face-off versus Chris Kelly in neutral zone.
2:21 of 3rd period - Minor Penalty to Derek Morris for Hooking.
2:22 of 3rd period - Marc Savard wins face-off versus Viktor Kozlov in Blue Jackets zone.
2:38 of 3rd period - Snap shot by Viktor Kozlov.
2:38 of 3rd period - Goal by Viktor Kozlov - Canadiens : 3 - Blue Jackets : 3.
2:39 of 3rd period - Marc Savard wins face-off versus Viktor Kozlov in neutral zone.
3:08 of 3rd period - Kevin Bieksa is hit by Nicklas Lidstrom and loses puck.
3:55 of 3rd period - Snap shot by Jason Ward.
3:55 of 3rd period - Stopped by Rick DiPietro without a rebound.
3:56 of 3rd period - Viktor Kozlov wins face-off versus Marc Savard in Canadiens zone.
4:01 of 3rd period - Snap shot by Radim Vrbata.
4:01 of 3rd period - Stopped by Jaroslav Halak without a rebound.
4:02 of 3rd period - Viktor Kozlov wins face-off versus David Booth in Blue Jackets zone.
4:11 of 3rd period - Slapshot by Viktor Kozlov.
4:11 of 3rd period - Shot Misses the Net.
4:29 of 3rd period - Snap shot by Chris Kelly.
4:29 of 3rd period - Shot Blocked by Matt Carle.
4:31 of 3rd period - Slapshot by Wade Redden.
4:31 of 3rd period - Deflect By Greg Zanon.
4:31 of 3rd period - Stopped by Rick DiPietro without a rebound.
4:32 of 3rd period - Mike Ribeiro wins face-off versus Chris Kelly in Canadiens zone.
4:32 of 3rd period - Mike Ribeiro is hit by Chris Kelly.
4:40 of 3rd period - Snap shot by Jeff Woywitka.
4:40 of 3rd period - Stopped by Jaroslav Halak with a rebound.
5:04 of 3rd period - Snap shot by Chris Kelly.
5:04 of 3rd period - Goal by Chris Kelly - Canadiens : 3 - Blue Jackets : 4.
5:05 of 3rd period - Jan Bulis wins face-off versus Viktor Kozlov in neutral zone.
5:12 of 3rd period - Snap shot by Jan Bulis.
5:12 of 3rd period - Stopped by Rick DiPietro with a rebound.
5:14 of 3rd period - Snap shot by Blake Wheeler.
5:14 of 3rd period - Shot Blocked by Nicklas Lidstrom.
5:16 of 3rd period - Snap shot by Jan Bulis.
5:16 of 3rd period - Shot Misses the Net.
5:39 of 3rd period - Snap shot by Marek Svatos.
5:39 of 3rd period - Shot Blocked by David Booth.
5:41 of 3rd period - Snap shot by Marek Svatos.
5:41 of 3rd period - Shot Hit the Post.
5:43 of 3rd period - Slapshot by Mike York.
5:43 of 3rd period - Stopped by Jaroslav Halak without a rebound.
5:44 of 3rd period - Jan Bulis wins face-off versus Tomas Plekanec in Blue Jackets zone.
6:36 of 3rd period - Snap shot by Chris Kelly.
6:36 of 3rd period - Shot Blocked by Matt Carle.
6:38 of 3rd period - Slapshot by Marcus Nilson.
6:38 of 3rd period - Shot Misses the Net.
6:55 of 3rd period - Icing by Chris Dingman.
6:56 of 3rd period - Jamie Lundmark wins face-off versus Dave Steckel in Canadiens zone.
7:01 of 3rd period - Slapshot by Jamie Lundmark.
7:01 of 3rd period - Shot Misses the Net.
7:03 of 3rd period - Slapshot by Greg Zanon.
7:03 of 3rd period - Shot Blocked by Branislav Mezei.
7:05 of 3rd period - Snap shot by Matt Carle.
7:05 of 3rd period - Deflect By Jamie Lundmark.
7:05 of 3rd period - Shot Misses the Net.
7:05 of 3rd period - Puck is out of play.
7:06 of 3rd period - Jan Bulis wins face-off versus Viktor Kozlov in Blue Jackets zone.
7:17 of 3rd period - Snap shot by Radim Vrbata.
7:17 of 3rd period - Shot Misses the Net.
7:19 of 3rd period - Slapshot by Radim Vrbata.
7:19 of 3rd period - Stopped by Jaroslav Halak with a rebound.
7:27 of 3rd period - Minor Penalty to Ramzi Abid for Goalie Interference.
7:28 of 3rd period - Marc Savard wins face-off versus Viktor Kozlov in Blue Jackets zone.
8:05 of 3rd period - Snap shot by Tomas Plekanec.
8:05 of 3rd period - Goal by Tomas Plekanec - Canadiens : 4 - Blue Jackets : 4.
8:06 of 3rd period - Marc Savard wins face-off versus Viktor Kozlov in neutral zone.
8:19 of 3rd period - Slapshot by Jeff Woywitka.
8:19 of 3rd period - Stopped by Jaroslav Halak with a rebound.
8:31 of 3rd period - Marek Svatos is hit by Branislav Mezei and loses puck.
8:52 of 3rd period - Tomas Plekanec is hit by Marcus Nilson and loses puck.
9:13 of 3rd period - Slapshot by Brad Stuart.
9:13 of 3rd period - Stopped by Rick DiPietro without a rebound.
9:14 of 3rd period - Dave Steckel wins face-off versus Viktor Kozlov in Canadiens zone.
9:21 of 3rd period - Wrist shot by Bates Battaglia.
9:21 of 3rd period - Shot Misses the Net.
9:23 of 3rd period - Wrist shot by Dave Steckel.
9:23 of 3rd period - Goal by Dave Steckel - Canadiens : 4 - Blue Jackets : 5.
9:24 of 3rd period - Viktor Kozlov wins face-off versus Marc Savard in neutral zone.
9:37 of 3rd period - Wrist shot by Radim Vrbata.
9:37 of 3rd period - Shot Misses the Net.
9:59 of 3rd period - Slapshot by Blake Wheeler.
9:59 of 3rd period - Shot Misses the Net.
10:09 of 3rd period - Snap shot by Dennis Wideman.
10:09 of 3rd period - Shot Blocked by Wade Redden.
10:11 of 3rd period - Backhand shot by Michel Ouellet.
10:11 of 3rd period - Shot Misses the Net.
10:13 of 3rd period - Snap shot by Ruslan Fedotenko.
10:13 of 3rd period - Stopped by Jaroslav Halak with a rebound.
10:15 of 3rd period - Snap shot by Michel Ouellet.
10:15 of 3rd period - Shot Blocked by Wade Redden.
11:08 of 3rd period - Icing by David Booth.
11:09 of 3rd period - Mike Ribeiro wins face-off versus Jan Bulis in Blue Jackets zone.
11:14 of 3rd period - Snap shot by Mike Ribeiro.
11:14 of 3rd period - Shot Misses the Net.
11:16 of 3rd period - Wrist shot by Marek Svatos.
11:16 of 3rd period - Stopped by Jaroslav Halak without a rebound.
11:17 of 3rd period - Viktor Kozlov wins face-off versus Jan Bulis in Blue Jackets zone.
11:18 of 3rd period - Snap shot by Radim Vrbata.
11:18 of 3rd period - Shot Blocked by Kevin Bieksa.
11:32 of 3rd period - Slapshot by Ramzi Abid.
11:32 of 3rd period - Stopped by Rick DiPietro with a rebound.
11:34 of 3rd period - Slapshot by Kevin Bieksa.
11:34 of 3rd period - Shot Blocked by Radim Vrbata.
11:50 of 3rd period - David Booth is hit by Nicklas Lidstrom.
12:24 of 3rd period - Wrist shot by Tomas Plekanec.
12:24 of 3rd period - Stopped by Jaroslav Halak without a rebound.
12:25 of 3rd period - Jan Bulis wins face-off versus Viktor Kozlov in Blue Jackets zone.
12:25 of 3rd period - Jan Bulis is hit by Patrick Marleau.
14:01 of 3rd period - Snap shot by Blake Wheeler.
14:01 of 3rd period - Shot Hit the Post.
14:03 of 3rd period - Wrist shot by Jan Bulis.
14:03 of 3rd period - Stopped by Rick DiPietro without a rebound.
14:04 of 3rd period - Viktor Kozlov wins face-off versus Marc Savard in Canadiens zone.
14:29 of 3rd period - Greg Zanon is hit by Jan Bulis and loses puck.
14:45 of 3rd period - Icing by Branislav Mezei.
14:46 of 3rd period - Jan Bulis wins face-off versus Tomas Plekanec in Blue Jackets zone.
15:38 of 3rd period - Minor Penalty to Marcus Nilson for Slashing.
15:39 of 3rd period - Marc Savard wins face-off versus Viktor Kozlov in Blue Jackets zone.
16:27 of 3rd period - Viktor Kozlov is hit by David Booth and loses puck.
16:35 of 3rd period - Icing by Matt Carle.
16:36 of 3rd period - Viktor Kozlov wins face-off versus Marc Savard in Canadiens zone.
17:38 of 3rd period - Penalty to Marcus Nilson is over, Marcus Nilson is back on ice.
17:43 of 3rd period - Viktor Kozlov is hit by Marcus Nilson and loses puck.
17:52 of 3rd period - Minor Penalty to Greg De Vries for Hooking.
17:53 of 3rd period - Marc Savard wins face-off versus Tomas Plekanec in Blue Jackets zone.
19:52 of 3rd period - Penalty to Greg De Vries is over, Greg De Vries is back on ice.
Goals for this period are 2 for Canadiens vs 2 for Blue Jackets.
Shots for this period are 10 for Canadiens vs 11 for Blue Jackets.
Output by the SimonT Hockey Simulator (STHS) for François Prévost -- Original Page W3C XHTML 1.0 Valid